 Dungeon Crawl Stone Soup version 0.24.0-13-gcf9b3192b9 (webtiles) character file.

Game seed: 11443783046691021971, levelgen mode: deterministic

33618 lollipopguild the Tortoise (level 13, -6/116 HPs)
             Began as a Minotaur Fighter on Nov 4, 2019.
             Was a High Priest of Trog.
             Mangled by an orc warrior
             ... wielding a +0 battleaxe
              (18 damage)
             ... on level 2 of the Orcish Mines on Nov 7, 2019.
             The game lasted 01:55:18 (18241 turns).

lollipopguild the Tortoise (Minotaur Fighter)      Turns: 18241, Time: 01:55:19

Health: -6/116     AC:  6    Str: 26    XL:     13   Next: 37%
Magic:  14/15      EV:  7    Int:  1    God:    Trog [*****.]
Gold:   845        SH: 18    Dex: 10    Spells: 12/12 levels left

rFire    + . .     SeeInvis +   a - +1 war axe (chop)
rCold    . . .     Gourm    .   O - +5 shield "Ezxifuts" {+Blink rN+++ Int-4 SInv}
rNeg     + + +     Faith    .   c - +2 plate armour {rF+}
rPois    .         Spirit   .   L - +0 hat
rElec    .         Reflect  .   s - +0 cloak
rCorr    .         Harm     .   (no gloves)
MR       +....                  m - +0 pair of boots
Stlth    ..........             (no amulet)
HPRegen  0.29/turn              o - +2 ring of slaying
MPRegen  0.14/turn              A - ring of protection from magic

@: lethally poisoned (-6 -> -8), about to teleport, corroded, berserk cooldown,
slowed, very slow
A: retaliatory headbutt, horns 2
a: Berserk, Trog's Hand, Brothers in Arms, Renounce Religion, Evoke Blink


You were on level 2 of the Orcish Mines.
You worshipped Trog.
Trog was extremely pleased with you.
You were not hungry.

You visited 3 branches of the dungeon, and saw 16 of its levels.

You collected 1839 gold pieces.
You spent 994 gold pieces at shops.

Inventory:

Hand Weapons
 a - a +1 war axe of chopping (weapon)
 b - a +2 hunting sling of flaming
 R - a +2 antimagic demon trident
Missiles
 r - 38 boomerangs
 y - 40 sling bullets
 H - 3 throwing nets
 I - 4 boomerangs of dispersal
 Z - 5 javelins (quivered)
Armour
 c - a +2 plate armour of fire resistance (worn)
 m - a +0 pair of boots (worn)
 s - a +0 cloak (worn)
 L - a +0 hat (worn)
 O - the +5 shield "Ezxifuts" (worn) {+Blink rN+++ Int-4 SInv}
   (You found it on level 9 of the Dungeon)

   It affects your intelligence (-4).
   It renders you almost immune to negative energy.
   It lets you see invisible.
   It lets you blink.
Jewellery
 o - a +2 ring of slaying (left hand)
 t - an uncursed ring of flight
 A - a ring of protection from magic (right hand)
 N - an uncursed ring of fire
 T - a +5 ring of protection
Wands
 D - a wand of random effects (20)
 E - a wand of polymorph (3)
 F - a wand of iceblast (14)
 G - a wand of acid (9)
 Q - a wand of enslavement (11)
 Y - a wand of flame (19)
Scrolls
 i - 5 scrolls of enchant weapon
 j - 6 scrolls of teleportation
 k - 2 scrolls of immolation
 l - 6 scrolls of remove curse
 n - a scroll of fog {unknown}
 v - a scroll of random uselessness {unknown}
 w - 4 scrolls of enchant armour
 x - a scroll of fear
 z - 2 scrolls of noise
 C - 2 scrolls of amnesia
 K - a scroll of blinking {unknown}
 P - 2 scrolls of vulnerability
 S - 2 scrolls of magic mapping
 U - 2 scrolls of summoning
 V - a scroll of silence {unknown}
Potions
 d - a potion of might
 e - 2 potions of heal wounds
 h - 3 potions of ambrosia
 p - 6 potions of curing
 q - 4 potions of flight
 u - a potion of resistance {unknown}
 B - 2 potions of brilliance {unknown}
 J - 2 potions of magic {unknown}
 X - a potion of berserk rage {unknown}
Miscellaneous
 M - 2 sacks of spiders
 W - a lamp of fire
Comestibles
 f - 18 rations


   Skills:
 + Level 11.5 Fighting
 * Level 15.0 Axes
 + Level 15.1 Armour
 * Level 11.7 Shields
 - Level 4.6 Evocations


You had 12 spell levels left.
You didn't know any spells.
Your spell library contained the following spells:

 Spells                   Type           Power        Failure   Level  Hunger
 Flame Tongue             Conj/Fire      #....        100%        1    ##.....
 Throw Flame              Conj/Fire      #.....       100%        2    ###....
 Conjure Flame            Conj/Fire      #.......     100%        3    ####...
 Inner Flame              Hex/Fire       #.......     100%        3    ####...
 Sticky Flame             Conj/Fire      #.......     100%        4    #####..
 Fireball                 Conj/Fire      #.........   100%        5    ######.


Dungeon Overview and Level Annotations

Branches:
Dungeon (13/15)            Temple (1/1) D:7            Lair (0/6) D:8
    Orc (2/2) D:11            Elf (0/3) Orc:2        Vaults (0/5) D:13

Altars:
Ashenzari
Cheibriados
Elyvilon
Fedhas
Gozag
Hepliaklqana
Kikubaaqudgha
Makhleb
Nemelex Xobeh
Qazlal
Ru
Sif Muna
Trog
Uskayaw
Wu Jian
Xom
Yredelemnul
Zin
The Shining One

Shops:
D:8 (   D:9 [   Orc:2 *%

Annotations:
D:4 2 transporters, skk's ghost, amateur DsFi
D:7 2 transporters


Innate Abilities, Weirdness & Mutations

You reflexively headbutt those who attack you in melee.
You have a pair of horns on your head.


Message History

The orc sorcerer gestures at you while chanting.
You resist with almost no effort.
The orc warrior moves out of view.
As you read the scroll of teleportation, it crumbles to dust.
You feel strangely unstable.
You feel sick.
The rust devil disappears in a puff of smoke!
The orc high priest calls upon Beogh to heal something.
The orc high priest hits you but does no damage.
The orc high priest calls down the wrath of Beogh upon you.
Beogh smites you!
* * * LOW HITPOINT WARNING * * *
An orc sorcerer comes into view.
It is wielding a +0 dagger and wearing a +1 robe of fire resistance.
The orc sorcerer shouts!
The orange demon stings you but does no damage.
The orc knight roars a battlecry!
The orcs go into a battle-frenzy!
You block the orange demon's attack.
The orc knight roars a battlecry!
The orc high priest goes into a battle-frenzy!
The orc warrior hits you with a +0 battleaxe!!
You die...

...#
#...#........####[[###..##
...##
##.###.......#####))###..#
..#.# ###
###....###.###..#####
..### ##..###.ยง4###..## #
#.# #####4#.#)###).## ###
#..o#.o.###).##
#4o.###.4.###))# ##...#
##.4.###)( ## ##@.o#
##.....). .## #oo.##
##...#). ..## #.#o##
##.)..# ...# #..(...
##.... ..## # #...oo#.#
##..# ...#.# ##....o.o#
##)).. ....# ##.#.# o.#
##....# ...#.# ##... ..#
##...#.. ..## # .. #..
##.......


You could see an orc knight, 3 orc high priests, an orange demon, a rust devil,
3 orc sorcerers, a red devil, an orc warrior and an orc priest.

Vanquished Creatures
  Gastronok (D:8)
  A hydra (D:13)
  3 vault guards (D:13)
  2 two-headed ogres
  2 centaur warriors (D:13)
  Urug (D:12)
  A gelid demonspawn (Orc:2)
  An unseen horror (D:12)
  3 wizards (D:13)
  A necromancer (D:13)
  2 orc knights (Orc:2)
  2 orc sorcerers
  3 ugly things
  2 gargoyles
  The ghost of puimuR the Covert, a novice VSHu of Makhleb (D:10)
  A yaktaur (D:13)
  A red devil (Orc:2)
  A hellwing (Orc:2)
  7 trolls
  2 hornets (D:12)
  2 hippogriffs (D:11)
  5 slime creatures (D:12)
  A wyvern (D:9)
  2 wraiths
  7 yaks (D:10)
  17 humans (D:13)
  A hungry ghost (D:13)
  A steam dragon (D:10)
  4 vampire mosquitoes (D:13)
  2 soldier ants (D:12)
  A warg (Orc:2)
  A porcupine (D:8)
  2 black bears (D:8)
  Duvessa (D:5)
  2 ice beasts
  25 orc warriors
  2 necrophages
  4 sky beasts
  A phantom (D:12)
  10 ogres
  5 centaurs
  A crocodile (D:10)
  2 big kobolds
  10 bullfrogs
  Blork the orc (D:6)
  2 gnoll sergeants
  6 scorpions
  Dowan (D:5)
  15 killer bees
  3 wights (D:11)
  7 howler monkeys
  6 crimson imps
  A bullfrog zombie (D:8)
  6 hounds
  3 jellies
  24 orc priests
  2 bullfrog skeletons
  4 centaur skeletons
  An iguana (D:10)
  An iron imp (D:5)
  23 orc wizards
  7 worker ants
  A killer bee zombie (D:9)
  2 worker ant zombies
  17 gnolls
  2 howler monkey zombies
  15 adders
  9 oozes (D:4)
  2 adder skeletons
  2 worms
  5 leopard geckos
  74 orcs
  3 giant cockroaches
  5 goblins (D:1)
  8 hobgoblins
  7 jackals (D:1)
  24 kobolds
  4 quokkas
  4 ball pythons
  5 bats
  3 frilled lizards
  A quokka skeleton (D:7)
  11 rats
  A fungus (D:8)
465 creatures vanquished.

Vanquished Creatures (collateral kills)
  An orc sorcerer (Orc:1)
  An orc knight (Orc:2)
  3 orc warriors
  2 orc priests (Orc:2)
  5 orcs (Orc:1)
12 creatures vanquished.

Vanquished Creatures (others)
  An orc wizard (D:3)
  2 orcs (Orc:1)
  10 fungi
  A plant (D:8)
  5 toadstools (D:4)
19 creatures vanquished.

Grand Total: 496 creatures vanquished

Notes
Turn   | Place    | Note
-------+----------+-------------------------------------------
     0 | D:1      | lollipopguild the Minotaur Fighter began the quest for the
                  | Orb.
     0 | D:1      | Reached XP level 1. HP: 19/19 MP: 0/0
   101 | D:1      | Reached XP level 2. HP: 22/27 MP: 1/1
   491 | D:1      | Reached XP level 3. HP: 33/33 MP: 2/2
  1005 | D:2      | Found a white marble altar of Elyvilon.
  1184 | D:2      | Reached XP level 4. HP: 40/40 MP: 3/3
  1944 | D:2      | Found a snail-covered altar of Cheibriados.
  2331 | D:3      | Found a shimmering blue altar of Sif Muna.
  2701 | D:3      | Reached skill level 5 in Armour
  2701 | D:3      | Reached XP level 5. HP: 39/47 MP: 4/4
  3399 | D:4      | Noticed a hungry ghost
  3430 | D:4      | Found a transporter.
  3862 | D:4      | Found an ornate altar of the Wu Jian Council.
  3991 | D:4      | Noticed skk's ghost (amateur DsFi)
  3996 | D:4      | Found a transporter.
  4010 | D:4      | Reached XP level 6. HP: 51/53 MP: 5/5
  4237 | D:4      | Reached skill level 5 in Axes
  4370 | D:5      | Entered Level 5 of the Dungeon
  4548 | D:5      | Found an opulent altar of Gozag.
  4594 | D:5      | Reached skill level 5 in Fighting
  4594 | D:5      | Reached skill level 5 in Shields
  4608 | D:5      | Noticed Duvessa
  4609 | D:5      | Noticed Dowan
  4623 | D:5      | Killed Dowan
  4623 | D:5      | Reached XP level 7. HP: 29/61 MP: 6/6
  4626 | D:5      | Killed Duvessa
  5182 | D:5      | Found a snail-covered altar of Cheibriados.
  5499 | D:6      | Reached XP level 8. HP: 66/70 MP: 7/7
  5575 | D:6      | Noticed Blork the orc
  5589 | D:6      | Killed Blork the orc
  5614 | D:7      | Found a transporter.
  5766 | D:7      | Noticed a fire crab
  5770 | D:7      | Found a transporter.
  6012 | D:7      | Identified the cursed +1 leather armour of Jene {SInv}
  6087 | D:7      | Reached XP level 9. HP: 61/78 MP: 8/8
  6482 | D:7      | Found a staircase to the Ecumenical Temple.
  6491 | Temple   | Entered the Ecumenical Temple
  6714 | Temple   | Became a worshipper of Trog the Wrathful
  6864 | D:7      | Found a hazy altar of Hepliaklqana.
  6909 | D:7      | Noticed a kobold demonologist
  7658 | D:8      | Found a staircase to the Lair.
  7666 | D:8      | Reached skill level 10 in Armour
  7850 | D:8      | Found a burning altar of Makhleb.
  7850 | D:8      | Noticed a green death
  7854 | D:8      | Noticed an orange demon
  7854 | D:8      | Noticed a smoke demon
  7931 | D:8      | Reached * piety under Trog
  8032 | D:8      | Found a stormy altar of Qazlal.
  8043 | D:8      | Reached skill level 10 in Axes
  8260 | D:8      | Noticed Gastronok
  8277 | D:8      | Killed Gastronok
  8277 | D:8      | Reached XP level 10. HP: 40/88 MP: 9/9
  8522 | D:8      | You fall into a shaft and drop 1 floor!
  8536 | D:9      | Got a twisted shield
  8552 | D:9      | Found Xesey's Antique Armour Shoppe.
  8902 | D:9      | Reached ** piety under Trog
  9321 | D:8      | Found Mehuv's Antique Weapon Shoppe.
  9545 | D:10     | Entered Level 10 of the Dungeon
  9626 | D:10     | Found a runed translucent door.
  9641 | D:10     | Noticed puimuR's ghost (novice VSHu)
  9652 | D:10     | Killed puimuR's ghost
  9687 | D:10     | Identified the +5 shield "Ezxifuts" {+Blink rN+++ Int-4
                  | SInv} (You found it on level 9 of the Dungeon)
  9815 | D:10     | Noticed a gargoyle
  9821 | D:10     | Killed a gargoyle
  9821 | D:10     | Reached XP level 11. HP: 93/97 MP: 10/10
  9955 | D:10     | Noticed a two-headed ogre
  9961 | D:10     | Killed a two-headed ogre
 10328 | D:10     | You fall into a shaft and drop 1 floor!
 10396 | D:11     | Reached *** piety under Trog
 10509 | D:11     | Noticed a cyan ugly thing
 10538 | D:11     | Killed a cyan ugly thing
 10636 | D:11     | Found a staircase to the Orcish Mines.
 11511 | D:12     | Upgraded the game from 0.24.0-10-g970556be89 to
                  | 0.24.0-13-gcf9b3192b9
 11753 | D:12     | Noticed a white ugly thing
 11775 | D:12     | Killed a white ugly thing
 12140 | D:12     | Reached **** piety under Trog
 12144 | D:12     | Reached skill level 1 in Evocations
 12452 | D:12     | Noticed an unseen horror
 12468 | D:12     | Killed an unseen horror
 12468 | D:12     | Reached skill level 10 in Shields
 12531 | D:12     | Reached skill level 10 in Fighting
 13071 | D:12     | Noticed a two-headed ogre
 13085 | D:12     | Killed a two-headed ogre
 13085 | D:12     | Reached XP level 12. HP: 90/106 MP: 12/12
 13428 | D:12     | Noticed Urug
 13444 | D:12     | Killed Urug
 14135 | D:13     | Noticed a centaur warrior
 14154 | D:13     | Killed a centaur warrior
 14344 | D:13     | Noticed a five-headed hydra
 14375 | D:13     | Killed a seven-headed hydra
 14758 | D:13     | Noticed a centaur warrior
 14764 | D:13     | Killed a centaur warrior
 14940 | D:13     | Found a gate to the Vaults.
 14940 | D:13     | Noticed a vault guard
 14940 | D:13     | Noticed a vault guard
 14940 | D:13     | Noticed a vault guard
 14955 | D:13     | Killed a vault guard
 14957 | D:13     | Killed a vault guard
 14960 | D:13     | Killed a vault guard
 14970 | D:13     | Paralysed by a wizard for 6 turns
 14986 | D:13     | Paralysed by a wizard for 4 turns
 15543 | D:9      | Bought a runed plate armour for 728 gold pieces
 15554 | D:9      | Bought a dazzling cloak for 266 gold pieces
 15564 | D:9      | Identified the +0 cloak "Lyelivef" {+Blink rN+ Str-5 Int+3}
                  | (You bought it in a shop on level 9 of the Dungeon)
 15675 | Orc:1    | Entered Level 1 of the Orcish Mines
 15699 | Orc:1    | Reached XP level 13. HP: 113/116 MP: 15/15
 15749 | Orc:1    | Reached ***** piety under Trog
 16178 | Orc:2    | Entered Level 2 of the Orcish Mines
 16945 | Orc:2    | Reached skill level 15 in Armour
 17390 | Orc:2    | Found Naemudo's General Store.
 17402 | Orc:2    | Found Mietaeh's Food Shoppe.
 17606 | Orc:2    | Reached skill level 15 in Axes
 18125 | Orc:2    | Found a staircase to the Elven Halls.
 18241 | Orc:2    | Mangled by an orc warrior

Levels and vault maps discovered:
D:1:      dpeg_arrival_shrine, layout_loops_ring
D:2:      layout_loops_corners, lemuel_crystal_altar,
          nicolae_overflow_hidden_temple, minivault_27
D:3:      layout_basic, led_sif_book
D:4:      cheibrodos_fertilizer, layout_rooms, marbit_many_paths,
          gammafunk_ghost_mausoleum, hangedman_feature_mirror,
          minmay_misc_feat_tiny
D:5:      layout_basic, nicolae_gozag_cash_rules_everything_around_me,
          first_ration, minmay_misc_feat_enclosed, chei_slow_surprise,
          uniq_duvessa
D:6:      layout_loops_ring, kennysheep_generic_room_7, uniq_blork_the_orc,
          uniq_sigmund
D:7:      gammafunk_wand_slinger, layout_loops_ring, kennysheep_mini,
          temple_pool_b
D:8:      layout_loops_ring, makhleb_altar_promises_db,
          nicolae_qazlal_style_of_elements, grunt_lair_entry_orc_guard_hut,
          serial_shops, kennysheep_mini_moat, uniq_gastronok
D:9:      layout_roguey, serial_shops, shop
D:10:     layout_irregular_city, ebering_ghost_reflecting_pool
D:11:     layout_rooms, orc_0_dummy
D:12:     layout_cave_pods, hangedman_pestilent_swarm, uniq_urug
D:13:     minmay_blocking_statues, layout_irregular_city,
          grunt_vaults_entry_tiered, serial_co_window_serial,
          co_window_corner_a, co_window_corner_a, co_window_corner_a,
          co_window_paths_b, co_window_of_opportunity_a, co_window_2corner,
          co_window_broadway_b, co_window_corner_b, co_window_paths_c,
          co_window_cross_4, co_window_paths_d, co_window_4corner_b,
          glass_columns_b, glass_columns_b, glass_columns_b, glass_columns_c,
          glass_columns_a
Temple:   minmay_temple_curvy_branch
Orc:1:    layout_diamond_mine
Orc:2:    pf_orc_diabolical, layout_diamond_mine

Skill      XL: |  1  2  3  4  5  6  7  8  9 10 11 12 13 |
---------------+----------------------------------------+-----
Armour         | 4 5 6 7 8 11 12 13 14 15 | 15.1
Axes           | 3 4 5 7 8 10 11 13 14 15 | 15.0
Fighting       | 4 5 6 8 9 10 11 | 11.5
Shields        | 4 5 6 8 9 10 11 | 11.7
Evocations     | 2 4 |  4.6

Action                   |  1- 3 |  4- 6 |  7- 9 | 10-12 | 13-15 || total
-------------------------+-------+-------+-------+-------+-------++-------
Melee: War axe           |   100 |   153 |   274 |   571 |   247 ||  1345
       Headbutt          |    16 |    26 |    56 |   130 |    64 ||   292
 Fire: Hunting sling     |       |       |       |    32 |     1 ||    33
Throw: Boomerang         |       |    21 |    20 |    12 |       ||    53
       Javelin           |       |       |       |     9 |    30 ||    39
Invok: Trog's Hand       |       |       |       |     2 |     1 ||     3
       Berserk           |       |       |       |     1 |     2 ||     3
       Brothers in Arms  |       |       |       |       |     4 ||     4
 Abil: Evoke Blink       |       |       |       |       |     4 ||     4
Evoke: Wand              |       |       |       |     7 |     6 ||    13
       Lamp of fire      |       |       |       |     1 |       ||     1
  Use: Scroll            |       |     7 |     5 |     4 |     5 ||    21
       Potion            |       |     1 |     3 |     1 |     3 ||     8
  Eat: Chunk             |     1 |     6 |     3 |     9 |     4 ||    23
       Ration            |       |     2 |     2 |     6 |     2 ||    12
Armor: Scale mail        |    55 |    62 |   102 |    28 |       ||   247
       Ring mail         |       |     1 |       |       |       ||     1
       Troll leather arm |       |       |       |    32 |       ||    32
       Plate armour      |       |       |       |   113 |    61 ||   174
Dodge: Dodged            |    34 |    43 |    80 |   113 |    29 ||   299
Block: Shield            |    54 |   108 |   158 |   460 |   223 ||  1003
